Cogmind - Beta 16 @@@ ROGUE MODE // 2025.11.18 @ 13:49:09 Player: Demo Result: Destroyed by D-53 Grenadier with Mini Grenade Launcher Performance ------------- Evolutions (0) 0 Regions Visited (4) 800 Robots Destroyed (13) 65 Value Destroyed (521) 521 Prototype IDs (0) 0 Alien Tech Used (0) 0 Bonus (0) 0 TOTAL SCORE: 1386 Bonus ------- None Cogmind --------- Core Integrity 0/250 Matter 300/300 Energy 198/200 System Corruption 1% Temperature Cool (0) Movement Rolling (110) Location -9/Recycling Parts ------- > --- POWER (1) -------- Subdweller Power Source > --- PROPULSION (2) --- Subdweller Monowheel Subdweller Monowheel > --- UTILITY (2) ------ (None) > --- WEAPON (2) ------- Subdweller Machine Gun Battle Cannon > --- INVENTORY (5) ---- Subdweller Power Source Subdweller Monowheel Subdweller Monowheel Subdweller Machine Gun Rocket Launcher Peak State ------------ > --- POWER ------------ Subdweller Power Source > --- PROPULSION ------- Subdweller Monowheel Subdweller Monowheel > --- UTILITY ---------- Scrap Shield > --- WEAPON ----------- Subdweller Machine Gun Battle Cannon > --- INVENTORY -------- Subdweller Power Source Subdweller Monowheel Subdweller Monowheel Subdweller Machine Gun Rocket Launcher [Rating: 15] Favorites ----------- Power Subdweller Power Source Engine Subdweller Power Source Power Core Light Nuclear Core Propulsion Light Treads Treads Light Treads Leg Aluminum Leg Wheel Subdweller Monowheel Utility Scrap Shield Device Tractor Beam Protection Scrap Shield Weapon Barrage Gun Energy Gun Subdweller Laser Energy Cannon Beam Cannon Ballistic Gun Barrage Gun Ballistic Cannon Battle Cannon Launcher Rocket Launcher Build | -11 -10 -10 -10 -9 ------- Run | Yrd Mat Min Sub Rec Slots Evolved . | . . . . . Power . | . . . . . Propulsion . | . . . . . Utility . | . . . . . Weapon . | . . . . . Parts Attached 22 | 2 . 2 18 . Power 2 | . . . 2 . Engine 1 | . . . 1 . Core 1 | . . . 1 . Reactor . | . . . . . Propulsion 9 | 2 . . 7 . Treads 2 | 2 . . . . Leg 1 | . . . 1 . Wheel 6 | . . . 6 . Hover . | . . . . . Flight . | . . . . . Utility 4 | . . 1 3 . Device 1 | . . 1 . . Storage . | . . . . . Processor . | . . . . . Hackware . | . . . . . Protection 3 | . . . 3 . Artifact . | . . . . . Weapon 7 | . . 1 6 . Energy Gun 1 | . . . 1 . Energy Cannon 1 | . . 1 . . Ballistic Gun 3 | . . . 3 . Ballistic Cannon 1 | . . . 1 . Launcher 1 | . . . 1 . Special Weapon . | . . . . . Impact Weapon . | . . . . . Slashing Weapon . | . . . . . Piercing Weapon . | . . . . . Special Melee Weapon . | . . . . . Unidentified Prototypes . | . . . . . Parts Lost 6 | . . . 5 1 Power . | . . . . . Propulsion 3 | . . . 3 . Utility 2 | . . . 1 1 Weapon 1 | . . . 1 . Highest Loss Streak 1 | . . . 1 1 To Critical Strikes . | . . . . . Average Backups 2 | . . 1 3 5 Power . | . . . . 1 Propulsion . | . . . . 2 Utility 1 | . . . 1 . Weapon . | . . . 1 2 Tool/Special . | . . . . . Unused Backups 1 | . . . . 1 Power 1 | . . . . 1 Propulsion . | . . . . . Utility . | . . . . . Weapon . | . . . . . Tool/Special . | . . . . . Average Slot Usage (%) 44 | . 28 39 45 85 Engine 1 | . . . 2 14 Treads 20 | . 28 28 18 . Leg 1 | . . . 1 . Wheel 5 | . . . 6 28 Protection 3 | . . . 3 14 Energy Cannon 3 | . . 10 2 . Ballistic Gun 4 | . . . 5 14 Ballistic Cannon 1 | . . . 2 14 Launcher 1 | . . . 2 . Peak Build Rating 15 | 2 2 4 15 15 Average Rating 5 | 1 2 2 5 14 On Entrance 4 | . 2 2 3 15 Avg Prop Armor Cover (%) 33 | 38 41 34 32 . Naked Turns . | . . . . . Heaviest Build 30 | . . 4 30 30 Greatest Support 40 | 3 3 3 40 40 Greatest Overweight (x) 2 | . . 1 2 . Average Overweight (x) . | . . . . . Largest Inventory Capacity 5 | 5 5 5 5 5 Average Capacity 5 | 5 5 5 5 5 Most Carried 5 | . . 2 5 5 Average Carried 2 | . . 1 3 5 Final Capacity 5 | 5 5 5 5 5 Final Carried 5 | . . 2 5 5 Class Distribution -------------------- 81% | Mutant 18% | Subdweller-Mutant Dominant Class ---------------- Mutant | -10/Materials Mutant | -10/Mines Mutant | -10/Subcaves Mutant | -9/Recycling Resources | -11 -10 -10 -10 -9 ----------- Run | Yrd Mat Min Sub Rec Matter Collected 723 | 220 . 10 493 . Remotely . | . . . . . Salvage Created 404 | . . . 404 . Parts 20 | . . . 20 . Haulers Intercepted . | . . . . . Recyclers Shooed . | . . . . . Parts Field Recycled . | . . . . . Retrieved Matter . | . . . . . Parts Self-Destructed 11 | . . . 11 . Prevented . | . . . . . Parts Restored . | . . . . . Kills | -11 -10 -10 -10 -9 ------- Run | Yrd Mat Min Sub Rec Combat Hostiles Destroyed 13 | . . . 13 . Guns 2 | . . . 2 . Cannons 2 | . . . 2 . AOE 9 | . . . 9 . Classes Destroyed 2 | . . . 2 . Grunt 2 | . . . 2 . Subdweller 11 | . . . 11 . Best Kill Streak 3 | . . . 3 . Combat Bots Only 3 | . . . 3 . Max Kills in Single Turn 2 | . . . 2 . Gunslinging . | . . . . . Exploded 2 | . . . 2 . Melee . | . . . . . Uniques/NPCs Destroyed . | . . . . . Combat | -11 -10 -10 -10 -9 -------- Run | Yrd Mat Min Sub Rec Hostile Shots Fired 116 | . . 4 98 14 Missed 38 | . . . 33 5 Hits 78 | . . 4 65 9 Projectile 78 | . . 4 65 9 AOE 2 | . . . . 2 Critical Strikes 1 | . . . 1 . Damage Taken 1519 | . . 48 1319 152 Core 257 | . . . 244 13 Absorbed by Shields . | . . . . . Core Remaining (%) 100 | 100 . . . . Volleys Fired 41 | . . . 41 . Largest 2 | . . . 2 . Hottest 93 | . . . 93 . Shots Fired 45 | . . . 45 . Gun 17 | . . . 17 . Cannon 12 | . . . 12 . Launcher 16 | . . . 16 . Special . | . . . . . Kinetic 17 | . . . 17 . Thermal 12 | . . . 12 . Explosive 16 | . . . 16 . Electromagnetic . | . . . . . Robot Hit Streak 3 | . . . 3 . Robot Miss Streak 1 | . . . 1 . Penetration Max . | . . . . . Secondary Targets . | . . . . . Shots Hit Robots 23 | . . . 23 . Core Hits 18 | . . . 18 . Critical Kills . | . . . . . Critical Parts Destroyed . | . . . . . Critical Strikes 1 | . . . 1 . Blast 1 | . . . 1 . Melee Attacks . | . . . . . Impact . | . . . . . Slashing . | . . . . . Piercing . | . . . . . Sneak Attacks . | . . . . . Combat Hostiles . | . . . . . Follow-up Attacks . | . . . . . Damage Inflicted 1382 | . . . 1382 . Guns 233 | . . . 233 . Cannons 64 | . . . 64 . Explosions 1064 | . . . 1064 . Melee . | . . . . . Ramming 21 | . . . 21 . Kinetic 239 | . . . 239 . Thermal 58 | . . . 58 . Explosive 1064 | . . . 1064 . Electromagnetic . | . . . . . Impact . | . . . . . Slashing . | . . . . . Piercing . | . . . . . Highest Corruption 1 | . . . . 1 Average Corruption 1 | . . . . 1 Corruption Purged . | . . . . . Corruption Blocked . | . . . . . Overload Shots . | . . . . . Overflow Damage 1 | . . . 1 . Projectiles . | . . . . . Explosions 1 | . . . 1 . Melee . | . . . . . Knockbacks . | . . . . . Impact . | . . . . . Kinetic . | . . . . . Secondary . | . . . . . Self-Inflicted Damage 202 | . . . 202 . Shots 8 | . . . 8 . Rammed 7 | . . . 7 . Targets Rammed 7 | . . . 7 . Kicked . | . . . . . Crushed . | . . . . . Highest Temperature . | . . . . . Average Temperature . | . . . . . Received Heat Transfer 288 | . . 27 261 . Siege Activations . | . . . . . Martial Activations . | . . . . . Shielding Activations . | . . . . . Robots Disrupted . | . . . . . Combat Hostiles . | . . . . . Robots Corrupted . | . . . . . Combat Hostiles . | . . . . . Parts Fried . | . . . . . Impact Corruptions . | . . . . . Robots Melted . | . . . . . Combat Hostiles . | . . . . . Parts Melted . | . . . . . Heat Transferred 75 | . . . 75 . Parts Sabotaged . | . . . . . Parts Stolen . | . . . . . Parts Stripped . | . . . . . Power Chain Reactions . | . . . . . Alert | -11 -10 -10 -10 -9 ------- Run | Yrd Mat Min Sub Rec Maximum Alert Level . | . . . . . Low Security (%) 100 | 100 100 100 . 100 Level 1 . | . . . . . Level 2 . | . . . . . Level 3 . | . . . . . Level 4 . | . . . . . Level 5 . | . . . . . High Security . | . . . . . Max Security . | . . . . . Peak Influence . | . . . . . Initial . | . . . . . Average . | . . . . . Influence Increases 50 | . . . 50 . Destroy 0b10 Robot/C 40 | . . . 40 . Destroy Leader 10 | . . . 10 . Influence Decreases 50 | . . . 50 . Time Decay 40 | . . . 40 . Lost Part 10 | . . . 10 . Squads Dispatched 1 | . 1 . . . Investigation 1 | . 1 . . . Extermination . | . . . . . Reinforcement . | . . . . . Assault . | . . . . . Garrison . | . . . . . Intercept . | . . . . . Searches Triggered . | . . . . . Construction Impeded . | . . . . . Haulers Reinforced . | . . . . . Active Scanning Responses . | . . . . . Cargo Convoy Interrupts . | . . . . . Stealth | -11 -10 -10 -10 -9 --------- Run | Yrd Mat Min Sub Rec Distress Signals . | . . . . . Communications Jammed . | . . . . . Distress Signals . | . . . . . Times Spotted 35 | . 3 2 21 9 Peak Tracking Total 9 | . 2 2 6 9 Tactical Retreats 1 | . . . 1 . Traps | -11 -10 -10 -10 -9 ------- Run | Yrd Mat Min Sub Rec Traps Triggered 4 | . 1 . 3 . Indirectly . | . . . . . Trap Hack Attempts . | . . . . . Triggered . | . . . . . Disarmed . | . . . . . Reprogrammed . | . . . . . Reused . | . . . . . Traps Extracted . | . . . . . Installed . | . . . . . Triggered . | . . . . . Machines | -11 -10 -10 -10 -9 ---------- Run | Yrd Mat Min Sub Rec Machines Disabled . | . . . . . Max in Single Turn . | . . . . . Machines Repaired . | . . . . . Machines Dismantled . | . . . . . Machines Sabotaged . | . . . . . Overloaded Fab Kills . | . . . . . Hacking | -11 -10 -10 -10 -9 --------- Run | Yrd Mat Min Sub Rec Machines Accessed . | . . . . . Terminals . | . . . . . Fabricators . | . . . . . Repair Stations . | . . . . . Recycling Units . | . . . . . Scanalyzers . | . . . . . Garrison Access . | . . . . . Total Hacks . | . . . . . Successful . | . . . . . Failed . | . . . . . Catastrophic . | . . . . . Database Lockouts . | . . . . . Manual . | . . . . . Terminals . | . . . . . Fabricators . | . . . . . Repair Stations . | . . . . . Recycling Units . | . . . . . Scanalyzers . | . . . . . Garrison Access . | . . . . . Terminal Hacks . | . . . . . Fabricator Hacks . | . . . . . Repair Station Hacks . | . . . . . Recycling Unit Hacks . | . . . . . Scanalyzer . | . . . . . Garrison Access Hacks . | . . . . . Unauthorized Hacks . | . . . . . Terminals . | . . . . . Fabricators . | . . . . . Repair Stations . | . . . . . Recycling Units . | . . . . . Scanalyzers . | . . . . . Garrison Access . | . . . . . Data Cores Recovered . | . . . . . Used . | . . . . . Hacking Detections . | . . . . . Full Trace Events . | . . . . . Feedback Events . | . . . . . Feedback Blocked . | . . . . . Robot Schematics Acquired . | . . . . . Robots Built . | . . . . . Authchips . | . . . . . Time . | . . . . . Total Robot Build Rating . | . . . . . Part Schematics Acquired . | . . . . . Parts Built . | . . . . . Authchips . | . . . . . Time . | . . . . . Total Part Build Rating . | . . . . . Part Studies Acquired . | . . . . . Parts Repaired . | . . . . . Time . | . . . . . Parts Recycled . | . . . . . Recycled Matter . | . . . . . Retrieved Matter . | . . . . . Retrieved Components . | . . . . . Parts Scanalyzed . | . . . . . Part Schematics Acquired . | . . . . . Parts Damaged . | . . . . . Bothacking | -11 -10 -10 -10 -9 ------------ Run | Yrd Mat Min Sub Rec Used RIF Installer . | . . . . . Robots Hacked . | . . . . . Non-combat . | . . . . . Combat . | . . . . . Robot Hacks Applied . | . . . . . Relay Couplers Released . | . . . . . Fabnet Peak Effective % . | . . . . . Robots Rewired . | . . . . . Allies Hacked . | . . . . . Hacks Repelled . | . . . . . Allies | -11 -10 -10 -10 -9 -------- Run | Yrd Mat Min Sub Rec Total Allies . | . . . . . Largest Group . | . . . . . Highest-Rated Group . | . . . . . Highest-Rated Ally . | . . . . . Total Orders . | . . . . . Ally Attacks . | . . . . . Total Damage . | . . . . . Kills . | . . . . . Allies Corrupted . | . . . . . Allies Melted . | . . . . . Intel | -11 -10 -10 -10 -9 ------- Run | Yrd Mat Min Sub Rec Active Infowar (turns) . | . . . . . Robot Analysis Total . | . . . . . Derelict Logs Recovered 2 | . . . 2 . Drone Launches . | . . . . . Drone Recoveries . | . . . . . Exploration | -11 -10 -10 -10 -9 ------------- Run | Yrd Mat Min Sub Rec Turns Passed 976 | 13 55 127 775 6 Spaces Moved 1150 | 21 109 136 878 6 Core 1050 | 21 109 136 784 . Treads 5 | . . . 5 . Legs . | . . . . . Wheels 95 | . . . 89 6 Hover . | . . . . . Flight . | . . . . . Fastest Speed 50 | 50 50 50 50 110 Average Speed 59 | 50 50 51 62 110 Slowest Speed 160 | 50 50 100 160 110 Overloaded Moves . | . . . . . Propulsion Burnouts . | . . . . . Robots Hopped . | . . . . . Potential Cave-ins . | . . . . . Cave-ins Triggered . | . . . . . Exploration Rate (%) 25 | 3 26 34 58 5 Regions Visited 4 Branch Regions 3 Pre-discovered Areas 1 | . . . 1 . Known Exits Taken . | . . . . . Unknown Exits Taken 4 | 1 1 1 1 . Scrap Searched 4 | . . 1 3 . Spaces Dug . | . . . . . Terrain Destroyed 104 | . . . 104 . Melee . | . . . . . Projectile . | . . . . . AOE 104 | . . . 104 . Terrain Rammed . | . . . . . Walls Destroyed . | . . . . . Machines Disabled . | . . . . . Actions | -11 -10 -10 -10 -9 --------- Run | Yrd Mat Min Sub Rec Total 1391 | 22 108 192 1063 6 Wait 134 | . . 53 81 . Move 1146 | 20 108 135 877 6 Hop . | . . . . . Pick Up 10 | . . 1 9 . Fast Attach 14 | 2 . 2 10 . Attach 12 | . . . 12 . Detach 8 | . . 1 7 . Swap 3 | . . . 3 . Drop 11 | . . . 11 . Fire 41 | . . . 41 . Melee . | . . . . . Ram 7 | . . . 7 . Kick . | . . . . . Crush . | . . . . . Escape Stasis . | . . . . . Rewire . | . . . . . Trap . | . . . . . Miscellaneous 5 | . . . 5 . Route ------- -11/Scrapyard -10/Materials -10/Mines -10/Subcaves -9/Recycling History --------- Turn | Location | Event 5 | -11/Scrapyard | Discovered new exit (range 15) 14 | -11/Scrapyard | Entered Materials 62 | -10/Materials | Discovered new exit (range 13) 69 | -10/Materials | Entered Mines 77 | -10/Mines | Met a Derelict bent on vengeance 115 | -10/Mines | Received a Rocket Launcher from a helpful Derelict 181 | -10/Mines | Discovered new exit (range 5) 196 | -10/Mines | Entered Subcaves 197 | -10/Subcaves | Approached by a straggling Scientist 267 | -10/Subcaves | A swath of the cavern ceiling suddenly collapsed 307 | -10/Subcaves | Build established: Mutant 330 | -10/Subcaves | Shifting Twisted Machinery released Barrage Gun 346 | -10/Subcaves | Shifting Twisted Machinery released Scrap Shield 419 | -10/Subcaves | Learned 2 Materials zone layouts 424 | -10/Subcaves | Learned Materials emergency access door positions 505 | -10/Subcaves | Disturbed a concealed Subdweller 622 | -10/Subcaves | Shifting Twisted Machinery released Piercing Trap 647 | -10/Subcaves | Ambushed by Subdwellers from Twisted Machinery 655 | -10/Subcaves | Shifting Twisted Machinery released Battle Cannon 710 | -10/Subcaves | Learned location of Zion (-7) 710 | -10/Subcaves | Met a Zionite searching for "candidates" 769 | -10/Subcaves | Ambushed by Subdwellers from Twisted Machinery 775 | -10/Subcaves | Core integrity fell below 50% 853 | -10/Subcaves | Core integrity fell below 20% 962 | -10/Subcaves | Discovered new exit (range 9) 971 | -10/Subcaves | Entered Recycling 977 | -9/Recycling | Destroyed by D-53 Grenadier with Mini Grenade Launcher Last Messages --------------- 00950_ Acquired 20 matter. 00952_ Acquired Sub. Machine Gun. 00962_ EXIT=FOUND 00964_ S-10 Pest destroyed. LOCATION=UNKNOWN GOAL=ESCAPE 00975_ D-53 Grenadier springs to life. 00975_ P-60 Hacker springs to life. 00975_ I-25 Savior springs to life. 00975_ D-53 Grenadier springs to life. 00975_ P-60 Hacker springs to life. 00975_ I-25 Savior destroyed. 00976_ The unstable cave ceiling collapses. 00976_ P-60 Hacker springs to life. 00976_ P-60 Hacker resets P-60 Hacker, system corruption cleaned. 00976_ Slug penetrates Earth. 00976_ Scrap Shield destroyed. 00976_ P-60 Hacker springs to life. 00976_ Y-45 Defender destroyed. Map ----- +----------------------------------------------------+ | | | | | | | | | ?????????????????????????????????????????????????? | | ?????????????????????????????????????????????????? | | ?????????????????????????????????????????????????? | | ?????????????????????????????????????????????????? | | ?????????????????????????????????????????????????? | | ?????????????????????????????????????????????????? | | ?????????????????????????????????????????????????? | | ?????????????????????????????????????????????????? | | ?????????????????????????????????????????????????? | | ?????????????????????????????????????????????????? | | ?????????????????????????????????????????????????? | | ?????????????????????????????????????????????????? | | ?????????????????????????????????????????????????? | | ?????????????????????????????????????????????????? | | ?????????????????????????????????????????????????? | | ?????????????????????????????????????????????????? | | ?????????????????????????????????????????????????? | | ?????????????????##+###???###????????????????????? | | ?????????????????# #### ######???????????????? | | ?????????????????# #???????????????? | | ?????????????????# #???????????????? | | ?????????????????# @ #???????????????? | | ?????????????????# ## # ####???????????????? | | ?????????????????##?????# ! #?????????????? | | ????????????????????????# %d ! #?????????????? | | ????????????????????????# =d #?????????????? | | ????????????????????????## %! pp[ #?????????????? | | ?????????????????????????# u r #?????????????? | | ?????????????????????????# r d k #?????????????? | | ?????????????????????????#bgpgip! i#?????????????? | | ?????????????????????????# hp #?????????????? | | ?????????????????????????###+#######?????????????? | | ?????????????????????????????????????????????????? | | ?????????????????????????????????????????????????? | | ?????????????????????????????????????????????????? | | ?????????????????????????????????????????????????? | | ?????????????????????????????????????????????????? | | ?????????????????????????????????????????????????? | | ?????????????????????????????????????????????????? | | ?????????????????????????????????????????????????? | | ?????????????????????????????????????????????????? | | ?????????????????????????????????????????????????? | | ?????????????????????????????????????????????????? | | ?????????????????????????????????????????????????? | | ?????????????????????????????????????????????????? | | ?????????????????????????????????????????????????? | +----------------------------------------------------+ Best States ------------- Heat Dissipation 25 Energy Generation 15 Energy Capacity 200 Matter Stores 300 Matter Capacity 300 Sight Range 16 Terrain Scan Density 10 Armor Coverage 800 Evasion (%) 50 Recoil Reduction 2 Item Schematics ----------------- None Robot Schematics ------------------ None Fabricated ------------ Nothing Repaired ---------- Nothing Studied --------- None Alien Tech Used ----------------- None Achievements -------------- None Challenges ------------ None Game ------ Seed ElectrostormBiocellMaul Manual? 0 Play Time 00:06:43 Cumulative 412.7 hours Start 2025.11.18 @ 13:42:39 End 2025.11.18 @ 13:49:09 Sessions 1 Manual Loads 0 Difficulty Rogue Special Mode None Game No. 382 Rogue 382 Adventurer 0 Explorer 0 Win Type - Total 3 Types 2/1/0/0/0/0/0/0/0/0 Lore% 85 Gallery% 84 Achievement% 63 Wizard Run 0 Options --------- Layout 1 ASCII 0 Keyboard 0 Movement Numpad Keybinds 0 Fullscreen 1 Font 24/Smallcaps Map View 50x35 Zoom Use 0% Tactical HUD 1 Map Filters NONE Filters NONE Steam 1 RUN: 11a1c9e7-a1ff-4e7b-97ad-ef77f4a57d60